 Dungeon Crawl Stone Soup version 0.25-a0-940-gc6eaff51cc (webtiles) character file.

Game seed: 2445437192482032220, levelgen mode: deterministic

7490 gruber the Frost Mage (level 10, -5/50 HPs)
             Began as a Deep Elf Ice Elementalist on May 5, 2020.
             Was a Believer of Vehumet.
             Slain by an orc warrior
             ... wielding a +0 dire flail
              (17 damage)
             ... on level 11 of the Dungeon.
             The game lasted 00:20:23 (12086 turns).

gruber the Frost Mage (Deep Elf Ice Elementalist)  Turns: 12086, Time: 00:20:24

Health: -5/50      AC:  5    Str:  5    XL:     10   Next: 95%
Magic:  15/28      EV: 13    Int: 24    God:    Vehumet [**....]
Gold:   448        SH:  0    Dex: 15    Spells: 17/34 levels left

rFire    . . .     SeeInvis .   r - +2 short sword (venom)
rCold    . . .     Gourm    .   (no shield)
rNeg     . . .     Faith    .   I - +1 robe {MR+}
rPois    .         Spirit   .   (no helmet)
rElec    .         Reflect  .   (no cloak)
rCorr    .         Harm     .   k - +0 pair of gloves
MR       ++...                  L - +0 pair of boots {run}
Stlth    +++.......             E - amulet of the acrobat
HPRegen  0.16/turn              A - ring of stealth
MPRegen  0.21/turn              (no ring)

@: frozen ramparts, quick
A: no striking features
a: Renounce Religion


You were on level 11 of the Dungeon.
You worshipped Vehumet.
Vehumet was pleased with you.
You were not hungry.

You visited 2 branches of the dungeon, and saw 12 of its levels.

You collected 448 gold pieces.

Inventory:

Hand Weapons
 r - a +2 short sword of venom (weapon)
Missiles
 n - 23 poisoned darts (quivered)
Armour
 k - a +0 pair of gloves (worn)
 I - a +1 robe of magic resistance (worn)
 L - a +0 pair of boots of running (worn)
Magical Staves
 G - an uncursed staff of death
Jewellery
 A - a ring of stealth (left hand)
 E - an amulet of the acrobat (around neck)
 J - an uncursed ring of fire
Wands
 l - a wand of paralysis (11)
 x - a wand of acid (10)
Scrolls
 b - 5 scrolls of teleportation {unknown}
 g - 9 scrolls of identify {unknown}
 j - 2 scrolls of random uselessness {unknown}
 m - 3 scrolls of amnesia {unknown}
 o - 2 scrolls of blinking {unknown}
 s - 3 scrolls of immolation {unknown}
 t - a scroll of fog {unknown}
 v - 3 scrolls of enchant armour {unknown}
 y - 4 scrolls of magic mapping {unknown}
 B - 4 scrolls of remove curse {unknown}
 C - 2 scrolls of noise {unknown}
 D - 2 scrolls of enchant weapon {unknown}
Potions
 a - 2 potions of ambrosia {unknown}
 d - 2 potions of haste {unknown}
 e - 2 potions of mutation {unknown}
 f - a potion of cancellation {unknown}
 h - 3 potions of lignification {unknown}
 i - a potion of berserk rage {unknown}
 p - 4 potions of curing {unknown}
 q - 2 potions of degeneration {unknown}
 u - a potion of resistance {unknown}
 w - a potion of heal wounds {unknown}
 z - a potion of brilliance {unknown}
 F - a potion of experience {unknown}
 H - a potion of might {unknown}
 M - a potion of stabbing {unknown}
Comestibles
 c - 14 rations
 K - 7 chunks of flesh


   Skills:
 - Level 2.4 Dodging
 - Level 2.4 Stealth
 - Level 12.7 Spellcasting
 + Level 3.0 Conjurations
 + Level 4.3 Summonings
 - Level 14.0 Ice Magic


You had 17 spell levels left.
You knew the following spells:

 Your Spells              Type           Power        Failure   Level  Hunger
a - Freeze                Ice            ####         0%          1    None
b - Frozen Ramparts       Ice            ######       1%          3    None
c - Hailstorm             Conj/Ice       ######..     1%          4    None
d - Summon Ice Beast      Ice/Summ       ######..     1%          4    None
e - Metabolic Englaciati  Hex/Ice        #####.....   6%          5    ###....

Your spell library contained the following spells:

 Spells                   Type           Power        Failure   Level  Hunger
 Shock                    Conj/Air       ###.         2%          1    None
 Magic Dart               Conj           ####         1%          1    None
 Searing Ray              Conj           ####..       1%          2    None
 Ozocubu's Armour         Chrm/Ice       #####...     1%          3    None
 Dazzling Flash           Conj/Hex       ###...       6%          3    None
 Confusing Touch          Hex            ###.....     12%         3    None
 Gell's Gravitas          Tloc           ###.......   12%         3    None
 Fulminant Prism          Conj/Hex       ###.......   22%         4    None
 Iskenderun's Mystic Bla  Conj/Tloc      ###.....     22%         4    None
 Petrify                  Tmut/Erth      ###.....     36%         4    None
 Yara's Violent Unravell  Hex/Tmut       ###.......   73%         5    ###....


Dungeon Overview and Level Annotations

Branches:
Dungeon (12/15)            Temple (1/1) D:4            Lair (0/6) D:8
    Orc (0/2) D:11

Altars:
Ashenzari
Cheibriados
Dithmenos
Elyvilon
Fedhas
Gozag
Hepliaklqana
Kikubaaqudgha
Makhleb
Nemelex Xobeh
Okawaru
Qazlal
Ru
Sif Muna
Trog
Uskayaw
Vehumet
Wu Jian
Xom
Yredelemnul
Zin
The Shining One

Shops:
D:5 (   D:11 [(


Message History

You are engulfed in a cloud of scalding steam.
The wall freezes the orc warrior.
Unknown command.
Unknown command.
You are engulfed in a cloud of scalding steam.
The wall freezes the orc warrior.
The gnoll is engulfed in a cloud of scalding steam.
The wall freezes the gnoll!
You kill the gnoll!
Vehumet accepts your kill.
You feel your power returning.
Unknown command.
Casting: Hailstorm (dangerous; 1% risk of failure)
Confirm with . or Enter, or press ? or * to list all spells.
A chill wind blows around you.
You are engulfed in a cloud of scalding steam.
* * * LOW HITPOINT WARNING * * *
The wall freezes the orc warrior.
The orc warrior hits you with a +0 dire flail!
You die...

## ... ##....#
.....# ..#.#
...## ... #
#)####...
#..##§#§o.....#
#..§§..@#######
.D.§#Y§§).÷...#
.# #########.## .
#...# .. #...# #.
#...# ### #.
#...# ##.###.
####...###......
........)........


You could see an orc warrior and a friendly ice beast.

Vanquished Creatures
  3 two-headed ogres
  A hornet (D:7)
  Sigmund (D:4)
  A water elemental (D:12)
  A hungry ghost (D:11)
  A black bear (D:8)
  An orc warrior (D:11)
  2 sky beasts
  3 ogres
  A phantom (D:8)
  8 centaurs
  7 bullfrogs
  2 gnoll sergeants (D:6)
  Dowan (D:4)
  2 scorpions
  8 wights (D:7)
  A water moccasin skeleton (D:6)
  2 vampire bats (D:4)
  2 crimson imps (D:6)
  A jelly (D:3)
  3 orc priests
  2 gnoll shamans (D:6)
  6 hounds
  6 orc wizards
  Jessica (D:3)
  4 worker ants
  5 iguanas
  A killer bee zombie (D:5)
  6 adders
  18 gnolls
  A shadow imp (D:8)
  A nameless horror (D:4)
  2 adder skeletons
  An adder zombie (D:5)
  5 worms
  6 dart slugs
  4 leopard geckos
  26 orcs
  2 ball pythons
  12 bats
  3 giant cockroaches
  5 goblins
  6 hobgoblins
  13 jackals
  4 quokkas
  6 frilled lizards
  A jackal skeleton (D:6)
  9 kobolds
  A leopard gecko skeleton (D:5)
  A leopard gecko zombie (D:6)
  A quokka skeleton (D:4)
  A quokka zombie (D:6)
  4 rats
  A spectral orc (D:3)
217 creatures vanquished.

Vanquished Creatures (collateral kills)
  A two-headed ogre (D:8)
  An ugly thing (D:12)
  Joseph (D:7)
  2 hungry ghosts (D:8)
  Duvessa (D:4)
  2 ice beasts
  A necrophage (D:12)
  4 centaurs
  2 ogres
  A gnoll sergeant (D:6)
  A wight (D:7)
  A bullfrog zombie (D:8)
  A centaur skeleton (D:4)
  2 hounds (D:7)
  A hound zombie (D:6)
  2 gnolls (D:6)
  A howler monkey skeleton (D:7)
  A jackal (D:4)
  A quokka skeleton (D:4)
27 creatures vanquished.

Vanquished Creatures (others)
  A gnoll (D:6)
  An adder (D:6)
  A shadow imp (D:6)
  A leopard gecko zombie (D:6)
  6 fungi (D:4)
10 creatures vanquished.

Grand Total: 254 creatures vanquished

Notes
Turn   | Place    | Note
-------+----------+-------------------------------------------
     0 | D:1      | gruber the Deep Elf Ice Elementalist began the quest for
                  | the Orb.
     0 | D:1      | Reached XP level 1. HP: 10/10 MP: 6/6
   164 | D:1      | Reached XP level 2. HP: 15/15 MP: 2/8
   707 | D:1      | Reached skill level 5 in Ice Magic
  1295 | D:2      | Reached XP level 3. HP: 18/19 MP: 7/10
  1334 | D:1      | Learned a level 3 spell: Frozen Ramparts
  1620 | D:2      | Reached XP level 4. HP: 11/24 MP: 6/12
  2000 | D:2      | Learned a level 4 spell: Hailstorm
  2008 | D:2      | Learned a level 4 spell: Summon Ice Beast
  2272 | D:2      | Found a hide-covered altar of Uskayaw.
  2616 | D:3      | Reached skill level 6 in Ice Magic
  2675 | D:3      | Found an ancient bone altar of Kikubaaqudgha.
  2678 | D:3      | Found a stormy altar of Qazlal.
  2681 | D:3      | Found a sacrificial altar of Ru.
  2724 | D:3      | Reached skill level 5 in Spellcasting
  2724 | D:3      | Reached XP level 5. HP: 24/28 MP: 7/14
  3121 | D:3      | Noticed Jessica
  3132 | D:3      | Killed Jessica
  3163 | D:3      | Found a shimmering blue altar of Sif Muna.
  3509 | D:3      | Found a basalt altar of Yredelemnul.
  3540 | D:4      | Found an iron altar of Okawaru.
  3550 | D:4      | Reached skill level 7 in Ice Magic
  3550 | D:4      | Reached XP level 6. HP: 32/32 MP: 12/16
  4036 | D:4      | Noticed Dowan
  4050 | D:4      | Killed Dowan
  4054 | D:4      | Noticed Duvessa
  4066 | D:4      | Killed Duvessa
  4066 | D:4      | Reached XP level 7. HP: 22/36 MP: 0/18
  4584 | D:4      | Reached skill level 8 in Ice Magic
  4609 | D:4      | Found a staircase to the Ecumenical Temple.
  4615 | Temple   | Entered the Ecumenical Temple
  5119 | D:4      | Noticed Sigmund
  5132 | D:4      | Killed Sigmund
  5462 | D:5      | Entered Level 5 of the Dungeon
  5622 | D:5      | Reached skill level 9 in Ice Magic
  6040 | D:5      | Found Sachurch's Weapon Emporium.
  6232 | D:5      | Reached skill level 1 in Summonings
  6236 | D:5      | Reached XP level 8. HP: 41/41 MP: 16/21
  6942 | D:6      | Reached skill level 10 in Ice Magic
  7471 | D:6      | Found a radiant altar of Vehumet.
  7496 | D:6      | Became a worshipper of Vehumet
  7863 | D:6      | Reached skill level 11 in Ice Magic
  7863 | D:6      | Reached XP level 9. HP: 45/45 MP: 13/24
  8160 | D:6      | Found a burning altar of Makhleb.
  8495 | D:7      | Reached skill level 1 in Conjurations
  8814 | D:7      | Reached skill level 10 in Spellcasting
  8954 | D:7      | Noticed Joseph
  8989 | D:7      | Killed Joseph
  8989 | D:7      | Reached skill level 12 in Ice Magic
  8995 | D:7      | Reached * piety under Vehumet
  8995 | D:7      | Offered knowledge of Sandblast by Vehumet.
  9238 | D:7      | Learned a level 5 spell: Metabolic Englaciation
  9499 | D:7      | Found a shattered altar of Ashenzari.
 10052 | D:8      | Noticed a two-headed ogre
 10060 | D:8      | Killed a two-headed ogre
 10062 | D:8      | Reached XP level 10. HP: 50/50 MP: 14/27
 10421 | D:8      | Found a hazy altar of Hepliaklqana.
 10488 | D:8      | Noticed a two-headed ogre
 10495 | D:8      | Killed a two-headed ogre
 10573 | D:8      | Found a glowing silver altar of Zin.
 10607 | D:8      | Reached skill level 13 in Ice Magic
 10766 | D:8      | Found a staircase to the Lair.
 10789 | D:8      | Found a shimmering altar of Xom.
 11202 | D:9      | Found a blossoming altar of Fedhas.
 11234 | D:9      | Identified a +0 pair of boots of running (You found it on
                  | level 9 of the Dungeon)
 11306 | D:9      | You fall into a shaft and drop 3 floors!
 11338 | D:12     | Noticed a red ugly thing
 11349 | D:12     | Killed a red ugly thing
 11356 | D:12     | Noticed a two-headed ogre
 11365 | D:12     | Killed a two-headed ogre
 11782 | D:11     | Found Isuef's Armour Boutique.
 11782 | D:11     | Found a staircase to the Orcish Mines.
 11786 | D:11     | Reached ** piety under Vehumet
 11786 | D:11     | Offered knowledge of Shock by Vehumet.
 11928 | D:11     | Found Peylo's Weapon Boutique.
 11959 | D:11     | Found an ancient bone altar of Kikubaaqudgha.
 11972 | D:11     | Noticed a two-headed ogre
 11976 | D:11     | Killed a two-headed ogre
 11976 | D:11     | Reached skill level 14 in Ice Magic
 12086 | D:11     | Slain by an orc warrior

Levels and vault maps discovered:
D:1:      wheals_arrival_shading, layout_basic
D:2:      layout_basic, lemuel_crystal_altar
D:3:      layout_rooms, yredelemnul_forgotten_temple_becter, tgw_sif,
          grunt_temple_overflow_diamond, first_ration
D:4:      layout_rooms, overflow_temple_1_default, minmay_temple_entry_arrows,
          serial_aquarium, aquarium_bridge_square [aquarium_subvault_wall,
          aquarium_subvault_wall, aquarium_subvault_bridge,
          aquarium_subvault_wall], aquarium_window_corridor_3,
          aquarium_window_1, aquarium_view_4, aquarium_balcony_3a,
          aquarium_pool_1, roderic_batcave, uniq_sigmund, uniq_duvessa
D:5:      layout_gridville, serial_shops, nicolae_shop_statue_plus,
          grunt_ministairs_1
D:6:      nicolae_whirlpool, layout_cave_pools, makhleb_grotto_becter,
          fiery_altar_vehumet, serial_gnoll_camp, gnoll_camp_mini_hut,
          gnoll_camp_mini_basic, gnoll_camp_mini_sergeant, gnoll_camp_mini_basic
D:7:      layout_cave_pods, ashenzari_altar_1, serial_column_ruins,
          column_ruins_open_tiny_water, column_ruins_columns_straight,
          column_ruins_corridor_straight, column_ruins_open_small,
          column_ruins_open_small_water, column_ruins_grid_4, uniq_joseph
D:8:      layout_basic, overflow_temple_1_default, old_standard_altar,
          lair_entry_dummy, basic_altar
D:9:      layout_long_grid, hangedman_fish_farm, fedhas_altar_3
D:11:     layout_loops_cross, orc_david_3, basic_altar, chequers_mini_garden,
          minmay_microvault, uniq_erolcha
D:12:     layout_long_grid, minmay_crystal_water
Temple:   jpeg_temple_alley_garden

Skill      XL: |  1  2  3  4  5  6  7  8  9 10 |
---------------+-------------------------------+-----
Ice Magic      | 5 6 7 9 11 12 14 | 14.0
Spellcasting   | 4 5 6 7 9 11 12 | 12.7
Summonings     | 1 2 4 |  4.3
Conjurations   | 1 3 |  3.0
Dodging        | |  2.4
Stealth        | |  2.4

Action                   |  1- 3 |  4- 6 |  7- 9 | 10-12 || total
-------------------------+-------+-------+-------+-------++-------
Melee: Unarmed           |     4 |    21 |       |       ||    25
       Short sword       |       |       |    79 |     5 ||    84
Throw: Dart              |       |     4 |     5 |     2 ||    11
 Cast: Freeze            |    43 |    70 |    50 |     2 ||   165
       Frozen Ramparts   |       |    16 |    43 |    13 ||    72
       Summon Ice Beast  |       |     3 |    23 |    19 ||    45
       Hailstorm         |       |       |    26 |    30 ||    56
 Stab: Sleeping          |       |       |     4 |       ||     4
  Eat: Chunk             |     2 |     8 |    20 |     3 ||    33
       Ration            |       |       |       |     1 ||     1
Armor: Robe              |     6 |    18 |    43 |     5 ||    72
Dodge: Dodged            |    30 |    44 |   101 |    13 ||   188

Table legend:
 A = Non-vault XP
 B = Vault XP
 C = Vault XP percentage of total XP
 D = Non-vault monster count
 E = Vault monster count
 F = Vault count percentage of total count
                 A         B        C        D         E       F
            +---------+---------+-------+---------+---------+-------
      Total |    9088 |    1612 |  15.1 |     207 |      36 |  14.8
            +---------+---------+-------+---------+---------+-------
        D:1 |      36 |       0 |   0.0 |      13 |       0 |   0.0
        D:2 |      99 |       0 |   0.0 |      24 |       0 |   0.0
        D:3 |     202 |      38 |  15.8 |      33 |       2 |   5.7
        D:4 |     269 |     550 |  67.2 |      25 |       9 |  26.5
        D:5 |     264 |       0 |   0.0 |      18 |       0 |   0.0
        D:6 |     945 |     632 |  40.1 |      32 |      17 |  34.7
        D:7 |    1759 |     237 |  11.9 |      27 |       1 |   3.6
        D:8 |    1919 |       0 |   0.0 |      12 |       0 |   0.0
        D:9 |     285 |       0 |   0.0 |       4 |       0 |   0.0
       D:11 |    1340 |     155 |  10.4 |       8 |       7 |  46.7
       D:12 |    1970 |       0 |   0.0 |      11 |       0 |   0.0
            +---------+---------+-------+---------+---------+-------
